 Seeded DCSS version 0.30-a0-702-gdf48620a09 (webtiles) character file.

Game seed: 16324032344492496604 (custom seed)

5280 purpskrrrp the Unseen (level 10, -14/53 HPs)
             Began as a Kobold Brigand on Jan 22, 2023.
             Was an Initiate of Gozag.
             Demolished by a two-headed ogre
             ... wielding a +0 giant club
              (26 damage)
             ... on level 9 of the Dungeon.
             The game lasted 00:19:18 (9113 turns).

purpskrrrp the Unseen (Kobold Brigand)              Turns: 9113, Time: 00:19:18

Health: -14/53     AC: 10    Str: 10    XL:     10   Next: 94%
Magic:  10/10      EV: 20    Int: 12    God:    Gozag
Gold:   923        SH:  0    Dex: 20    Spells: 9/9 levels left

rFire   + . .      SeeInvis .    q - +7 dagger (venom)
rCold   . . .      Faith    .    (no shield)
rNeg    . . .      Spirit   .    C - +3 leather armour {rF+}
rPois   .          Reflect  .    (no helmet)
rElec   .          Harm     .    n - scarf {shadows}
rCorr   .          Rampage  .    (no gloves)
Will    .....                    (no boots)
Stlth   +++++++                  r - amulet of regeneration
HPRegen 1.08/turn                h - +4 ring of slaying
MPRegen 0.12/turn                k - +4 ring of protection

@: gold aura
A: small, no large weapons, nightstalker 3
a: Renounce Religion, Potion Petition, Call Merchant, Bribe Branch


You were on level 9 of the Dungeon.
You worshipped Gozag.
Gozag was pleased with you.
You visited 2 branches of the dungeon, and saw 10 of its levels.

You collected 1226 gold pieces.
You spent 210 gold pieces at shops.
You paid 93 gold pieces to Gozag.

Inventory:

Hand Weapons
 a - a +2 dagger
 q - a +7 dagger of venom (weapon)
Missiles
 d - 32 poisoned darts
 m - 2 curare-tipped darts
Armour
 b - a +0 robe
 c - a +0 cloak
 i - a +2 robe of fire resistance
 n - a scarf of shadows (worn)
 B - a +0 kite shield
 C - a +3 leather armour of fire resistance (worn)
Jewellery
 g - a +6 ring of dexterity
 h - a +4 ring of slaying (left hand)
 k - a +4 ring of protection (right hand)
 l - a ring of resist corrosion
 r - an amulet of regeneration (around neck)
 u - a ring of flight
Wands
 e - a wand of digging (5)
 s - a wand of flame (13)
 x - a wand of polymorph (6)
 F - a wand of charming (10)
 I - a wand of acid (6)
Scrolls
 j - a scroll of torment
 w - a scroll of vulnerability
 y - 2 scrolls of fog
 A - a scroll of magic mapping
 D - a scroll of poison {unknown}
 G - a scroll of identify
 H - a scroll of acquirement {unknown}
 J - a scroll of silence {unknown}
Potions
 f - 3 potions of degeneration
 o - a potion of haste
 p - 8 potions of curing
 t - 2 potions of berserk rage
 v - a potion of heal wounds
 z - 2 potions of attraction
 E - a potion of brilliance


   Skills:
 - Level 2.1 Fighting
 + Level 10.4 Short Blades
 - Level 2.1 Throwing
 + Level 9.3 Dodging
 * Level 16.0 Stealth


You had 9 spell levels left.
You didn't know any spells.
Your spell library contained the following spells:

 Spells                   Type           Power      Damage    Failure   Level
 Sublimation of Blood     Necr           0%         N/A       56%         2
 Wereblood                Tmut           0%         N/A       56%         2
 Flame Wave               Conj/Fire      0%         2d4       99%         4
 Passage of Golubria      Tloc           0%         N/A       99%         4
 Silence                  Hex/Air        0%         N/A       100%        5
 Statue Form              Tmut/Erth      0%         N/A       100%        6
 Summon Hydra             Summ           0%         N/A       100%        7
 Ignition                 Fire           0%         3d3       100%        8
 Lehudib's Crystal Spear  Conj/Erth      0%         10d2      100%        8


Dungeon Overview and Level Annotations

Branches:
Dungeon (9/15)             Temple (1/1) D:5
   Lair: D:8-11         Orc: D:9-12

Altars:
Ashenzari
Cheibriados
Dithmenos
Elyvilon
Fedhas
Gozag
Hepliaklqana
Kikubaaqudgha
Makhleb
Nemelex Xobeh
Okawaru
Qazlal
Ru
Sif Muna
Trog
Uskayaw
Vehumet
Wu Jian
Xom
Yredelemnul
Zin
The Shining One

Shops:
D:1 =   D:3 *   D:4 ?


Innate Abilities, Weirdness & Mutations

You are small and have problems with some larger weapons.
You are completely attuned to the shadows.


Message History

You kill the orc!
You puncture the orc!
You kill the orc!
You barely miss the two-headed ogre. You hit the two-headed ogre.
The two-headed ogre is poisoned.
The two-headed ogre is lightly wounded.
The two-headed ogre closely misses you. The two-headed ogre misses you.
You puncture the two-headed ogre!
The two-headed ogre looks as sick as possible!
The two-headed ogre is moderately wounded.
You puncture the two-headed ogre!
The two-headed ogre looks as sick as possible!
The two-headed ogre is heavily wounded.
You hit the two-headed ogre but do no damage.
The two-headed ogre looks as sick as possible!
The two-headed ogre is heavily wounded.
The two-headed ogre misses you. The two-headed ogre barely misses you.
You hit the two-headed ogre but do no damage.
The two-headed ogre looks as sick as possible!
The two-headed ogre is heavily wounded.
You hit the two-headed ogre.
The two-headed ogre looks as sick as possible!
The two-headed ogre is heavily wounded.
You hit the two-headed ogre.
The two-headed ogre is heavily wounded.
The two-headed ogre misses you.
The two-headed ogre hits you with a +0 giant club!
You puncture the two-headed ogre!
The two-headed ogre looks as sick as possible!
The two-headed ogre is severely wounded.
You hit the two-headed ogre.
The two-headed ogre is severely wounded.
You puncture the two-headed ogre!
The two-headed ogre is almost dead.
The two-headed ogre hits you with a +0 giant club!!
Ouch! That really hurt!
* * * LOW HITPOINT WARNING * * *
The two-headed ogre hits you with a +0 giant club!!
You die...
Your body crumbles into a pile of gold.

$
#.....
##.....
...O$..
$ #@...
#.### $
#.# #.#
#.# #.#
#.# #.#
.###.#


You could see a two-headed ogre (extremely poisoned).

Vanquished Creatures
  The ghost of Nabski the Destroyer, a novice TeFE of Ru (D:7)
  Maggie (D:6)
  Grinder (D:3)
  Sigmund (D:5)
  2 wyverns (D:8)
  Menkaure (D:5)
  Eustachio (D:6)
  3 steam dragons
  Edmund (D:6)
  3 water moccasins
  2 orc warriors
  3 sky beasts
  4 ogres
  A phantom (D:4)
  A kobold brigand (D:8)
  5 bullfrogs
  A necrophage (D:6)
  2 scorpions
  4 wights (D:8)
  4 killer bees (D:8)
  2 howler monkeys
  2 jellies
  4 quasits (D:7)
  2 hounds
  Crazy Yiuf (D:5)
  An orc priest (D:7)
  A gnoll bouda (D:4)
  5 iguanas
  4 orc wizards
  Ijyb (D:4)
  Robin (D:4)
  19 adders
  6 gnolls
  A white imp (D:5)
  3 dart slugs
  30 orcs
  14 ball pythons
  11 endoplasms
  13 goblins
  14 hobgoblins
  3 jackals (D:1)
  A quokka (D:4)
  6 bats
  7 frilled lizards
  12 kobolds
  4 rats
210 creatures vanquished.

Notes
Turn   | Place    | Note
-------+----------+-------------------------------------------
     0 | D:1      | purpskrrrp the Kobold Brigand began the quest for the Orb.
     0 | D:1      | Reached XP level 1. HP: 12/12 MP: 1/1
    88 | D:1      | Found Souhiu's Jewellery Boutique.
   110 | D:1      | Reached XP level 2. HP: 16/17 MP: 2/2
   414 | D:1      | Reached skill level 6 in Stealth
   449 | D:1      | Reached XP level 3. HP: 21/21 MP: 3/3
  1196 | D:2      | Reached XP level 4. HP: 18/26 MP: 4/4
  1382 | D:2      | You fall into a shaft and drop 1 floor!
  1427 | D:3      | Reached skill level 7 in Stealth
  1580 | D:3      | Reached XP level 5. HP: 30/30 MP: 5/5
  2465 | D:2      | Reached XP level 6. HP: 32/35 MP: 6/6
  3094 | D:3      | Found Kiagum's General Store.
  3404 | D:3      | Found a sacrificial altar of Ru.
  3622 | D:4      | Noticed Ijyb
  3626 | D:4      | Killed Ijyb
  3627 | D:4      | Reached skill level 8 in Stealth
  3638 | D:4      | Noticed Grinder
  3651 | D:3      | Killed Grinder
  3652 | D:3      | Reached skill level 5 in Short Blades
  3652 | D:3      | Reached XP level 7. HP: 27/40 MP: 7/7
  3742 | D:4      | Reached skill level 9 in Stealth
  3801 | D:4      | Got Xoufug's Almanac of Petrified Fire
  3886 | D:4      | Found Leyn's Magic Scroll Shop.
  3890 | D:4      | Bought a scroll of enchant weapon for 75 gold pieces
  3890 | D:4      | Bought a scroll of enchant armour for 75 gold pieces
  3904 | D:4      | Noticed Robin
  3909 | D:4      | Killed Robin
  3997 | D:4      | Reached XP level 8. HP: 44/44 MP: 8/8
  4050 | D:4      | Reached skill level 5 in Dodging
  4050 | D:4      | Reached skill level 10 in Stealth
  4195 | D:4      | Found an opulent altar of Gozag.
  4516 | D:4      | Became a worshipper of Gozag Ym Sagoz the Greedy
  4572 | D:4      | Bought a scroll of identify for 20 gold pieces
  4572 | D:4      | Bought a scroll of identify for 20 gold pieces
  4572 | D:4      | Bought a scroll of identify for 20 gold pieces
  4579 | D:5      | Entered Level 5 of the Dungeon
  4624 | D:5      | Noticed Sigmund
  4636 | D:5      | Killed Sigmund
  4637 | D:5      | Reached skill level 11 in Stealth
  4708 | D:5      | Noticed Menkaure
  4711 | D:5      | Killed Menkaure
  4712 | D:5      | Reached XP level 9. HP: 48/48 MP: 9/9
  4750 | D:5      | Found a runed translucent door.
  4830 | D:5      | Found a staircase to the Ecumenical Temple.
  4888 | D:5      | Reached skill level 12 in Stealth
  5277 | D:5      | Noticed Crazy Yiuf
  5280 | D:5      | Killed Crazy Yiuf
  5331 | Temple   | Entered the Ecumenical Temple
  5833 | D:6      | Reached skill level 13 in Stealth
  5870 | D:6      | Noticed Maggie
  5884 | D:6      | Killed Maggie
  6012 | D:6      | Found an iron altar of Okawaru.
  6133 | D:6      | Noticed Edmund
  6136 | D:6      | Killed Edmund
  6220 | D:6      | Noticed Eustachio
  6223 | D:6      | Killed Eustachio
  6261 | D:6      | Reached XP level 10. HP: 53/53 MP: 10/10
  6276 | D:6      | Found a hide-covered altar of Uskayaw.
  6362 | D:6      | Reached skill level 14 in Stealth
  6914 | D:7      | Found a transporter.
  6917 | D:7      | Noticed Nabski's ghost (novice TeFE)
  6964 | D:7      | Identified the +1 robe of Masochism {+Blink Int-2 Dex+6
                  | Archmagi}
  7261 | D:7      | Found a transporter.
  7969 | D:7      | Killed Nabski's ghost
  7970 | D:7      | Reached skill level 15 in Stealth
  8319 | D:8      | Reached skill level 10 in Short Blades
  8456 | D:8      | Found a glowing silver altar of Zin.
  8456 | D:8      | Found an ancient bone altar of Kikubaaqudgha.
  9036 | D:8      | Reached skill level 16 in Stealth
  9098 | D:9      | Noticed a two-headed ogre
  9113 | D:9      | Demolished by a two-headed ogre

Illustrated notes

Levels and vault maps discovered:
D:1:      saegor_arrival_simple_b, layout_basic, serial_shops, shop
D:2:      layout_basic, minmay_statues_item, st_stairs_3,
          chequers_serial_rivers_large_b, minmay_snake_closets
D:3:      layout_basic, amcnicky_altar_gilded, serial_shops,
          nicolae_shop_window_shopping, grunt_ministairs_5
D:4:      layout_cave_pools, nicolae_gozag_seed_capital, serial_shops,
          nicolae_shop_trees, uniq_grinder, uniq_ijyb, uniq_robin
D:5:      layout_cave_pools, minmay_temple_entry_wispy, uniq_crazy_yiuf_cottage,
          uniq_menkaure, uniq_sigmund
D:6:      layout_loops_corners, nicolae_uskayaw_dance_hall, okawaru_gym_becter,
          kennysheep_generic_room_14, uniq_edmund, uniq_maggie, uniq_eustachio
D:7:      layout_gridville, gammafunk_ghost_stat_death, minmay_misc_feat_square,
          st_stairs_14
D:8:      layout_basic, jmf_multi_god_temple, amcnicky_mini_corridor_feature,
          minmay_misc_feat_room
D:9:      layout_long_grid, lair_entry_dummy, serial_bayou, serial_bayou_pond_d,
          serial_bayou_pond_a, serial_bayou_pond_d, serial_bayou_lagoon_a
Temple:   minmay_temple_bridge_d

Skill      XL: |  1  2  3  4  5  6  7  8  9 10 |
---------------+-------------------------------+-----
Short Blades   | 3 4 5 7 8 10 | 10.4
Stealth        | 6 7 8 9 11 13 16 | 16.0
Dodging        | 2 3 4 6 7 9 |  9.3
Fighting       | |  2.1
Throwing       | |  2.1

Action                   |  1- 3 |  4- 6 |  7- 9 | 10-12 || total
-------------------------+-------+-------+-------+-------++-------
Melee: Dagger            |    65 |    77 |   156 |   159 ||   457
       Punch             |       |       |       |     5 ||     5
Throw: Dart              |       |    11 |     8 |     2 ||    21
Evoke: Wand              |       |     1 |     2 |     6 ||     9
  Use: Scroll            |     2 |    10 |     5 |     4 ||    21
       Potion            |       |     1 |     1 |     1 ||     3
 Stab: Sleeping          |    18 |    15 |    25 |    32 ||    90
       Distracted        |       |     1 |     2 |       ||     3
       Invisible         |       |     1 |       |     1 ||     2
Armor: Robe              |    14 |    12 |    16 |       ||    42
       Leather armour    |       |       |       |    49 ||    49
Dodge: Dodged            |    42 |    49 |    85 |   207 ||   383

Table legend: (Time is in decaauts)
 A = Elapsed time spent in this place.
 B = Non-inter-level travel time spent in this place.
 C = Inter-level travel time spent in this place.
 D = Time resting spent in this place.
 E = Time spent auto-exploring this place.
 F = Levels seen in this place.
 G = Mean time per level.
                   A        B        C        D        E       F      G
               +--------+--------+--------+--------+--------+-----+--------+
         Total |   9016 |   8556 |    460 |    236 |   7099 |  10 |  901.6 |
       Dungeon |   8691 |   8245 |    446 |    236 |   6801 |   9 |  965.7 |
        Temple |    324 |    310 |     14 |      0 |    298 |   1 |  324.0 |
               +--------+--------+--------+--------+--------+-----+--------+

Top non-repeatable levels by time:
     D:2: 1431 daAuts
     D:3: 1294 daAuts
     D:6: 1199 daAuts
     D:7: 1174 daAuts
     D:1: 992 daAuts
     D:8: 952 daAuts
     D:4: 861 daAuts
     D:5: 750 daAuts
  Temple: 324 daAuts
     D:9: 34 daAuts
